Description

INnoVation recently used a three base timing attack against Protoss. This build is designed to hit before Psi Storm.

VOD

https://youtu.be/3SNUI2UAWQc?t=29

Replay - tvp

Build Order

Get SALT Encoding   

  12  0:00  SCV  
  13  0:13  SCV  
  14  0:17  Supply Depot  
  14  0:25  SCV  
  15  0:29  Refinery  
  15  0:38  SCV  
  16  0:46  Barracks  
  16  0:50  SCV  
  17  1:03  SCV  
  18  1:15  SCV  
  19  1:33  Orbital Command  
  19  1:34  Reaper  
  20  1:47  Command Center  
  20  1:58  Factory  
  20  2:02  SCV  
  20  2:06  Barracks Reactor  
  21  2:14  SCV  
  22  2:19  Supply Depot  
  22  2:23  Refinery  
  22  2:26  SCV  
  23  2:44  Starport  
  24  2:49  Marine x2  
  24  2:51  Factory Tech Lab  
  27  2:59  Orbital Command  
  27  3:06  Marine x2  
  30  3:16  Cyclone  
  34  3:20  Starport Tech Lab  
  34  3:24  Marine x2  
  36  3:29  Supply Depot  
  39  3:50  Raven  
  42  3:57  Marine x2  
  42  4:02  Supply Depot  
  45  4:08  Command Center  
  45  4:13  Siege Tank  
  50  4:24  Supply Depot  
  50  4:26  Marine x2  
  56  4:46  Siege Tank  
  57  4:56  Barracks  
  57  4:57  Refinery x2  
  59  5:00  Engineering Bay  
  59  5:01  Barracks  
  64  5:22  Orbital Command  
  65  5:35  Starport Reactor, Factory Reactor  
  67  5:41  Barracks x2  
Spawning Tool Build Advisor. Get it on Overwolf

Analysis

Terran are struggling to find a good build. The once popular proxy strategy is a lot weaker after the Cyclone change. The standard macro versus macro TvP is considered Protoss favored by many. Terran unwillingly went back to the typical Reaper expand.

The old school mid game goal is always to move out with with Stim and Medivac. In Legacy of the Void, Terran usually hit a timing at the third. This is well countered by the mass Gateway units mid game style, which has become even more popular after Protoss players witnessed its success in the Global Finals 2018. The common follow up to this Gateway heavy mid game is High Templar and Storm.

Players now either hit a timing before or after this conventional timing. This build is hits a delayed timing before Psi Storm completes. You can read more about this build in this article in TerranCraft.

This build is featured in the January 2019 Metagame Build Order.

Creative Commons License

Go to:

Details

Become a Patron
  • Created by: Maxilicious  
  • Published on: Jan 14, 2019
  • Modified on: Jan 14, 2019
  • Patch: 4.7.1
Show
View Real Time Build Order
Export as new Build Order

Comments (0)

There are no comments. Be the first!

Create an account to comment!